 Dungeon Crawl Stone Soup version 0.20.0-15-g7f486f2 (webtiles) character file.

148540 Gargoyl the Severer (level 16, 0/146 HPs)
             Began as a Minotaur Abyssal Knight on June 30, 2017.
             Was a High Priest of Lugonu.
             Killed by vampiric draining
             ... invoked by a vampire knight
              (15 damage)
             ... on level 2 of the Depths.
             The game lasted 01:17:33 (36286 turns).

Gargoyl the Severer (Minotaur Abyssal Knight)      Turns: 36286, Time: 01:17:34

Health: 0/146      AC: 31    Str: 30    XL:     16   Next: 94%
Magic:  25/25      EV: 12    Int:  7    God:    Lugonu [*****.]
Gold:   2049       SH: 13    Dex: 17    Spells: 15/15 levels left

rFire    + . .     SeeInvis .   m - +3 broad axe (freeze)
rCold    + + .     Gourm    .   a - +0 shield
rNeg     . . .     Faith    .   o - +8 chain mail of the Ladybird {Str+7 Int-2}
rPois    .         Spirit   .   f - +1 hat
rElec    .         Reflect  .   Y - scarf {rC+ rF+}
rCorr    +         Harm     .   z - +2 pair of gloves {Str+3}
MR       ++...                  d - +2 pair of boots
Stlth    ..........             p - amulet of magic regeneration
Regen    0.4/turn               M - +3 ring of dexterity
MPRegen  0.3/turn               U - ring of resist corrosion

@: about to teleport, studying Throwing
A: retaliatory headbutt, horns 2, blurry vision 1, cold resistance 1, magic
resistance 1, sense surroundings 1, wild magic 1
a: Depart the Abyss, Bend Space, Banish, Corrupt, Enter the Abyss, Renounce
Religion


You were on level 2 of the Depths.
You worshipped Lugonu.
Lugonu was extremely pleased with you.
You were not hungry.

You visited 4 branches of the dungeon, and saw 25 of its levels.
You visited the Abyss 2 times.
You also visited: Ossuary.

You collected 2851 gold pieces.
You spent 802 gold pieces at shops.

Inventory:

Hand Weapons
 m - a +3 broad axe of freezing (weapon)
 I - a +2 broad axe of freezing
 R - the +3 trident "Juvanoimm" {antimagic, Str+4 Dex+4 SInv}
   (You found it on level 4 of the Lair of Beasts)

   It reduces the magical energy of the wielder, and disrupts the spells and
   magical abilities of those hit.
   Natural abilities and divine invocations are not affected.
   It affects your strength (+4).
   It affects your dexterity (+4).
   It lets you see invisible.
Missiles
 i - 45 tomahawks (quivered)
Armour
 a - a +0 shield (worn)
 d - a +2 pair of boots (worn)
 f - a +1 hat (worn)
 o - the +8 chain mail of the Ladybird (worn) {Str+7 Int-2}
   (You found it on level 9 of the Dungeon)

   It affects your strength (+7).
   It affects your intelligence (-2).
 z - a +2 pair of gloves of strength (worn)
 Y - a scarf of resistance (worn)
Jewellery
 p - an amulet of magic regeneration (around neck)
 y - an uncursed ring of protection from fire
 M - a +3 ring of dexterity (left hand)
 Q - an uncursed ring of magical power
 U - a ring of resist corrosion (right hand)
Wands
 e - a wand of iceblast (8/15)
 D - a wand of enslavement (17/24)
 G - a wand of flame (26/48)
 H - a wand of lightning (7/15)
 K - a wand of confusion (22/48)
 N - a wand of acid (6/15)
Scrolls
 b - 5 scrolls of teleportation
 g - 3 scrolls of remove curse
 h - 13 scrolls of identify
 r - 4 scrolls of magic mapping
 t - 5 scrolls of recharging
 u - 2 scrolls of blinking
 E - 4 scrolls of fog
 J - a scroll of fear
Potions
 n - 3 potions of magic
 q - 5 potions of invisibility
 s - 10 potions of curing
 x - 3 potions of brilliance
 A - 2 potions of agility
 B - 5 potions of might
 C - 3 potions of haste
 F - 4 potions of lignification
 L - 2 potions of cancellation
 S - a potion of berserk rage
Books
 v - a book of Callings

   Spells                             Type                      Level
   a - Summon Small Mammal            Summoning                    1
   b - Call Imp                       Summoning                    2
   c - Call Canine Familiar           Summoning                    3
   d - Summon Guardian Golem          Hexes/Summoning              3
   e - Summon Lightning Spire         Summoning/Air                4
   f - Summon Ice Beast               Ice/Summoning                4
 O - a manual of Throwing
Comestibles
 c - 20 bread rations
 j - 15 fruits
 k - 16 meat rations
 l - 2 royal jellies


   Skills:
 + Level 14.2 Fighting
 * Level 19.1 Axes
 + Level 2.2(13.1) Polearms
 + Level 1.5 Throwing
 * Level 17.6 Armour
 + Level 5.8 Dodging
 + Level 10.6 Shields
 * Level 13.9 Invocations


You had 15 spell levels left.
You didn't know any spells.

Dungeon Overview and Level Annotations

Branches:
Dungeon (15/15)            Temple (0/1) D:4            Lair (6/6) D:10
 Shoals (0/4) Lair:2       Spider (0/4) Lair:2        Slime (0/5) Lair:5
    Orc (2/2) D:12            Elf (0/3) Orc:2        Vaults (0/5) D:14
 Depths (2/5) D:15

Altars:
Dithmenos
Elyvilon
Kikubaaqudgha
Makhleb
Nemelex Xobeh
Okawaru
Sif Muna
Trog
Vehumet
Yredelemnul
The Shining One
Beogh
Jiyva

Shops:
D:9 *   Orc:1 *   Orc:2 }}*}   Depths:1 *%![   Depths:2 (

Portals:
Hell: Depths:1
Abyss: Depths:1
Pandemonium: Depths:1 Depths:2
Ziggurat: Depths:2

Annotations:
Lair:4 exclusion: 4 oklob plants
Depths:2 Sojobo


Innate Abilities, Weirdness & Mutations

You reflexively headbutt those who attack you in melee.
You have a pair of horns on your head.
Scrolls take you a little longer to read.
Your flesh is cold resistant. (rC+)
You are resistant to hostile enchantments. (MR+)
You passively map a small area around you.
Your spells are a little harder to cast, but a little more powerful.


Message History

You feel strangely unstable.
Really read with blurry vision while enemies are nearby?
Okay, then.
You feel better. The air elemental closely misses you.
The air elemental hits you but does no damage.
You block the air elemental's attack. x2
The vampire knight is infused with unholy energy.
* * * LOW HITPOINT WARNING * * *
The vampire knight draws life force from you and is healed!
The air elemental closely misses you. You furiously retaliate!
You headbutt the air elemental! You block the air elemental's attack.
The deep troll shaman calls upon its god to strengthen something.
You feel better.
The air elemental hits you but does no damage.
You block the air elemental's attack. You block Sojobo's attack.
Sojobo pecks you but does no damage. Sojobo claws you but does no damage.
The air elemental barely misses you. The air elemental misses you.
You furiously retaliate!
You headbutt the air elemental.
The vampire knight is infused with unholy energy.
You die...

.G# ##........ , ..#
#....#... , ,, ,
..###......# ,* * ,
..........##### ,, , ,,
.#.##......#.. * * ###
.#.#.......... #####....
,
.....♣.......###........
,
.............#..CE......
,
....♣∩♣......%..@VQ⌠....
,
.............#..EQ*....T
.....♣.......###........
,
...............#####....
* ...................#
### *
................#### , ,
...........###### , , ,
...........# , , ,
#..<.......# ,


You could see Sojobo, a stone giant, a tengu reaver, a vampire knight, a deep
troll shaman, 2 air elementals and a battlesphere.

Vanquished Creatures
  A sphinx (Depths:1)
  Kirke (D:14)
  A revenant (Abyss:1)
  3 fire giants
  An orc warlord (Orc:1)
  2 stone giants (Depths:1)
  The ghost of cossakc the Earth Mage, a journeyman GrEE of Vehumet (Lair:6)
  5 ettins
  3 jiangshi
  2 great orbs of eyes
  The ghost of KleinerIrrer the Severer, a journeyman FoFi of Cheibriados (Lair:3)
  3 fire dragons
  2 ice dragons (Depths:1)
  A monstrous demonspawn (D:15)
  3 yaktaur captains (D:15)
  Erolcha (Orc:2)
  A hell beast (Depths:2)
  2 rakshasas (Depths:1)
  2 catoblepae
  An anaconda (Lair:5)
  6 centaur warriors
  A death knight (D:15)
  3 two-headed ogres
  An ogre mage (Depths:2)
  5 deep troll shamans
  4 deep troll earth magi
  A vampire mage (Depths:1)
  2 orc high priests (Orc:2)
  2 tengu warriors (Depths:1)
  A deep elf knight (D:15)
  Nergalle (D:12)
  4 skeletal warriors (D:15)
  A fire crab (Lair:6)
  10 deep trolls
  An unseen horror (shapeshifter) (D:15)
  A sea snake (Lair:5)
  A swamp dragon (shapeshifter) (Depths:2)
  6 unseen horrors
  2 wizards
  Pikel (D:7)
  A phantasmal warrior (D:15)
  A wolf spider zombie (D:15)
  A harpy (Lair:6)
  18 ugly things
  The ghost of KleinerIrrer the Blocker, a novice FoFi (D:6)
  2 deep elf magi
  A wolf spider (D:15)
  9 orc sorcerers
  5 cyclopes
  4 manticores
  Joseph (Lair:1)
  12 black mambas
  13 elephants
  12 spiny frogs
  Psyche (D:11)
  11 rime drakes
  A gargoyle (D:14)
  6 kobold demonologists
  An efreet (D:15)
  3 komodo dragons
  An ice devil (Depths:1)
  3 freezing wraiths (D:15)
  6 yaktaurs (Depths:1)
  An ancient zyme (Abyss:1)
  A meliai (D:15)
  5 polar bears
  A wind drake (Lair:6)
  11 trolls
  3 hornets
  Grinder (D:4)
  9 hippogriffs
  A meliai zombie (D:15)
  10 slime creatures
  A hippogriff (shapeshifter) (D:14)
  2 centaur simulacra (D:15)
  2 vampires
  4 shadows
  A redback (shapeshifter) (D:14)
  A spriggan (D:7)
  3 wraiths
  7 wyverns
  2 hogs (D:14)
  34 yaks
  4 redbacks
  Eustachio (D:5)
  2 basilisks
  A neqoxec (Depths:1)
  2 hungry ghosts
  A small abomination (Abyss:1)
  A steam dragon (D:11)
  A vampire mosquito (D:15)
  A chaos spawn (Depths:1)
  12 wargs
  2 acid dragons
  26 water moccasins
  Duvessa (D:5)
  11 porcupines
  A slave (D:7)
  5 sky beasts
  27 orc warriors
  An eye of draining (D:11)
  An eye of draining (shapeshifter) (D:14)
  4 phantoms
  6 boggarts
  3 ice beasts
  A black bear (D:7)
  11 ogres
  10 centaurs
  25 wolves
  5 crocodiles
  Blork the orc (D:4)
  4 big kobolds
  2 elf zombies (D:5)
  23 bullfrogs
  A wyvern zombie (D:15)
  3 elf skeletons (D:5)
  10 scorpions
  Dowan (D:5)
  17 killer bees
  13 wights
  7 howler monkeys
  2 lava snakes (D:14)
  9 crimson imps
  A bullfrog zombie (D:12)
  9 centaur skeletons
  6 centaur zombies
  7 hounds
  3 jellies
  15 orc priests
  3 bullfrog skeletons
  Crazy Yiuf (D:5)
  3 human skeletons (D:5)
  An iron imp (Abyss:1)
  4 iguanas
  41 orc wizards
  10 worker ants
  An ogre zombie (Ossuary)
  A hound skeleton (D:5)
  The ghost of ANON1729 the Conjurer, a weakling TeCj (D:4)
  7 mummies (Ossuary)
  A worker ant zombie (D:10)
  7 gnolls
  11 adders
  3 shadow imps
  2 oozes
  4 adder zombies (Ossuary)
  2 adder skeletons
  4 worms
  2 dart slugs
  6 leopard geckos
  129 orcs
  6 bats
  5 giant cockroaches
  7 goblins
  5 hobgoblins
  8 jackals
  5 quokkas
  A ball python (D:3)
  3 frilled lizards
  2 goblin skeletons (D:4)
  2 goblin zombies (Ossuary)
  10 hobgoblin zombies
  A jackal skeleton (D:5)
  7 kobolds
  3 kobold zombies
  3 orc skeletons
  An orc zombie (D:5)
  2 quokka skeletons
  5 quokka zombies (Ossuary)
  4 rats
  6 rat zombies
  3 fungi
  A plant (Lair:6)
939 creatures vanquished.

Vanquished Creatures (others)
  A frost giant (Depths:2)
  A yaktaur captain (Depths:2)
  An ettin (Depths:1)
  11 hydras
  A merfolk avatar (Lair:6)
  A lindwurm (Lair:4)
  A manticore (shapeshifter) (Depths:2)
  A raiju (Abyss:1)
  4 humans (D:14)
  An orc warrior (D:15)
  2 centaurs (D:7)
  An electric eel (Lair:4)
  An orc wizard (D:4)
  A shadow imp (D:7)
  13 fungi
  10 plants
  11 toadstools (Lair:4)
62 creatures vanquished.

Grand Total: 1001 creatures vanquished

Notes
Turn   | Place    | Note
-------+----------+-------------------------------------------
     0 | Abyss:1  | Gargoyl the Minotaur Abyssal Knight began the quest for the Orb.
     0 | Abyss:1  | Reached XP level 1. HP: 19/19 MP: 1/1
    86 | Abyss:2  | Noticed a raiju
    86 | Abyss:2  | Noticed a raiju
    86 | Abyss:2  | Noticed a raiju
    86 | D:1      | Escaped the Abyss
   550 | D:1      | Reached XP level 2. HP: 27/27 MP: 2/2
   576 | D:1      | Reached * piety under Lugonu
  1108 | D:2      | Reached XP level 3. HP: 27/33 MP: 3/3
  1217 | D:2      | Found a white marble altar of Elyvilon.
  1223 | D:2      | Found an ancient bone altar of Kikubaaqudgha.
  1924 | D:3      | Reached XP level 4. HP: 41/41 MP: 4/4
  2263 | D:3      | Reached skill level 3 in Axes
  2276 | D:3      | Gained mutation: You are surrounded by a mild repulsion field. (EV +2) [potion of mutation]
  2276 | D:3      | Gained mutation: Your flesh is cold resistant. (rC+) [potion of mutation]
  2276 | D:3      | Gained mutation: Your muscles are strong. (Str +2) [potion of mutation]
  2577 | D:3      | Reached ** piety under Lugonu
  2780 | D:3      | Reached XP level 5. HP: 35/47 MP: 4/6
  3206 | D:3      | Reached skill level 4 in Axes
  3223 | D:4      | Noticed ANON1729's ghost (weakling TeCj)
  3237 | D:3      | Reached XP level 6. HP: 24/55 MP: 7/7
  3415 | D:3      | Reached skill level 5 in Fighting
  3427 | D:4      | Killed ANON1729's ghost
  3520 | D:4      | Found a deep blue altar of Sif Muna.
  3572 | D:4      | Found a glowing golden altar of the Shining One.
  3630 | D:4      | Found a staircase to the Ecumenical Temple.
  3712 | D:4      | Reached skill level 5 in Armour
  3897 | D:4      | Reached *** piety under Lugonu
  3898 | D:4      | Found a deep blue altar of Sif Muna.
  3998 | D:4      | Found a radiant altar of Vehumet.
  4070 | D:4      | Reached skill level 5 in Axes
  4171 | D:4      | Found a sparkling altar of Nemelex Xobeh.
  4255 | D:4      | Noticed Blork the orc
  4256 | D:4      | Found a basalt altar of Yredelemnul.
  4268 | D:4      | Killed Blork the orc
  4268 | D:4      | Reached XP level 7. HP: 59/61 MP: 8/8
  4438 | D:5      | Entered Level 5 of the Dungeon
  4583 | D:5      | Reached skill level 6 in Axes
  4593 | D:5      | Found a sand-covered staircase.
  4662 | D:5      | Reached XP level 8. HP: 57/69 MP: 10/10
  4694 | D:5      | Reached skill level 7 in Axes
  5068 | D:4      | Reached skill level 8 in Axes
  5317 | D:5      | Lost mutation: Your muscles are strong. (Str +2) [potion of mutation]
  5317 | D:5      | Lost mutation: You are surrounded by a mild repulsion field. (EV +2) [potion of mutation]
  5317 | D:5      | Gained mutation: Scrolls take you a little longer to read. [potion of mutation]
  5317 | D:5      | Gained mutation: You passively map a small area around you. [potion of mutation]
  5320 | D:5      | Found an iron altar of Okawaru.
  5322 | D:5      | Noticed Duvessa
  5324 | D:5      | Noticed Dowan
  5342 | D:5      | Killed Dowan
  5363 | D:5      | Killed Duvessa
  5671 | D:5      | Found a runed door.
  5746 | D:5      | Noticed Grinder
  5749 | D:5      | Noticed Eustachio
  5758 | D:4      | Killed Grinder
  5758 | D:4      | Reached skill level 5 in Invocations
  5842 | D:5      | Killed Eustachio
  6082 | D:5      | Reached **** piety under Lugonu
  6136 | D:5      | Reached XP level 9. HP: 74/78 MP: 10/12
  6155 | D:5      | Noticed Crazy Yiuf
  6162 | D:5      | Killed Crazy Yiuf
  6171 | D:5      | Got a crude mace
  6172 | D:5      | Identified the cursed +1 mace "Runtig" {flame, Int+3} (You found it on level 5 of the Dungeon)
  6321 | D:6      | Reached skill level 9 in Axes
  6743 | D:6      | Noticed KleinerIrrer's ghost (novice FoFi)
  6754 | D:6      | Killed KleinerIrrer's ghost
  7318 | D:6      | Reached skill level 10 in Axes
  7429 | D:6      | Gained mutation: Your spells are a little harder to cast, but a little more powerful. [mutagenic meat]
  8325 | D:7      | Reached XP level 10. HP: 81/86 MP: 13/13
  8370 | D:7      | Found a sand-covered staircase.
  8390 | Ossuary  | Entered an ossuary
  8623 | Ossuary  | Reached ***** piety under Lugonu
  8754 | Ossuary  | Reached skill level 10 in Armour
  9074 | D:7      | Noticed Pikel
  9105 | D:7      | Killed Pikel
  9646 | D:8      | Reached skill level 11 in Axes
 10700 | D:9      | Noticed a two-headed ogre
 10710 | D:9      | Killed a two-headed ogre
 10723 | D:9      | Got a bloodstained chain mail
 10734 | D:9      | Identified the +8 chain mail of the Ladybird {Str+7 Int-2} (You found it on level 9 of the Dungeon)
 11213 | D:9      | Reached skill level 12 in Axes
 11349 | D:9      | Found Uguuca's General Store.
 11371 | D:9      | Bought a +2 pair of gloves of strength for 322 gold pieces
 11585 | D:10     | Entered Level 10 of the Dungeon
 11591 | D:10     | Reached XP level 11. HP: 95/95 MP: 15/15
 11741 | D:10     | Found a shadowy altar of Dithmenos.
 11768 | D:10     | Found a staircase to the Lair.
 12421 | Lair:1   | Entered Level 1 of the Lair of Beasts
 12720 | Lair:1   | Noticed Joseph
 12730 | Lair:1   | Killed Joseph
 13162 | Lair:2   | Found a staircase to the Shoals.
 13175 | Lair:2   | Reached skill level 13 in Axes
 14137 | Lair:2   | Found a hole to the Spider Nest.
 14382 | Lair:2   | Reached ****** piety under Lugonu
 14382 | Lair:2   | Reached XP level 12. HP: 105/105 MP: 17/17
 14606 | Lair:3   | Noticed KleinerIrrer's ghost (journeyman FoFi)
 14617 | Lair:3   | Killed KleinerIrrer's ghost
 14617 | Lair:3   | Reached skill level 14 in Axes
 15077 | Lair:3   | Identified the Handbook of Clay and Ignition
 15082 | Lair:3   | Noticed an eight-headed hydra
 15085 | Lair:3   | Banished an eight-headed hydra
 15579 | Lair:4   | Found a bloodstained altar of Trog.
 15766 | Lair:4   | Noticed a seven-headed hydra
 15770 | Lair:4   | Banished a seven-headed hydra
 15770 | Lair:4   | Reached skill level 10 in Fighting
 16257 | Lair:4   | Noticed a four-headed hydra
 16268 | Lair:4   | Banished a four-headed hydra
 16604 | Lair:4   | Found a runed door.
 16858 | Lair:4   | Noticed a catoblepas
 17193 | Lair:4   | Got a crude trident
 17201 | Lair:4   | Identified the +3 trident "Juvanoimm" {antimagic, Str+4 Dex+4 SInv} (You found it on level 4 of the Lair of Beasts)
 17306 | Lair:4   | Killed a catoblepas
 18025 | Lair:5   | Reached skill level 1 in Shields
 18025 | Lair:5   | Reached skill level 10 in Invocations
 18157 | Lair:5   | Noticed an anaconda
 18168 | Lair:5   | Killed an anaconda
 18413 | Lair:5   | Reached skill level 15 in Axes
 18421 | Lair:5   | Reached XP level 13. HP: 106/114 MP: 19/19
 18536 | Lair:5   | Found a staircase to the Slime Pits.
 18537 | Lair:5   | Found a viscous altar of Jiyva.
 18953 | Lair:6   | Entered Level 6 of the Lair of Beasts
 19076 | Lair:6   | Noticed cossakc's ghost (journeyman GrEE)
 19461 | Lair:6   | Killed cossakc's ghost
 21699 | Lair:6   | Reached skill level 16 in Axes
 21787 | Lair:6   | Reached skill level 5 in Shields
 21799 | Lair:6   | Reached XP level 14. HP: 49/124 MP: 21/21
 22617 | D:11     | Noticed Psyche
 22624 | D:11     | Killed Psyche
 23147 | D:11     | Gained mutation: You are resistant to hostile enchantments. (MR+) [mutagenic meat]
 23705 | D:12     | Reached skill level 15 in Armour
 23972 | D:12     | Found a staircase to the Orcish Mines.
 23979 | D:12     | Noticed Nergalle
 23993 | D:12     | Killed Nergalle
 24274 | Orc:1    | Entered Level 1 of the Orcish Mines
 24578 | Orc:1    | Found Kubaorank's Assorted Antiques.
 24584 | Orc:1    | Bought a scroll of teleportation for 90 gold pieces
 24816 | Orc:2    | Entered Level 2 of the Orcish Mines
 24923 | Orc:2    | Noticed Erolcha
 24939 | Orc:2    | Killed Erolcha
 25216 | Orc:2    | Noticed an orc warlord
 25263 | Orc:1    | Killed an orc warlord
 26005 | Orc:2    | Found Fejit's Gadget Emporium.
 26005 | Orc:2    | Found Fijeehex's Gadget Shop.
 26042 | Orc:2    | Reached skill level 5 in Dodging
 26071 | Orc:2    | Found a roughly hewn altar of Beogh.
 26114 | Orc:2    | Found Qegrad's Gadget Shop.
 26114 | Orc:2    | Found Doeclon's Assorted Antiques.
 26394 | Orc:2    | Bought a scroll labeled ABOVVE MYLALOV for 30 gold pieces
 26394 | Orc:2    | Bought 2 scrolls of teleportation for 180 gold pieces
 26394 | Orc:2    | Bought a scroll of teleportation for 90 gold pieces
 26394 | Orc:2    | Bought a scroll of teleportation for 90 gold pieces
 26740 | Orc:2    | Reached skill level 17 in Axes
 26881 | Orc:2    | Found a staircase to the Elven Halls.
 27932 | D:13     | Identified a scroll of acquirement
 28498 | D:14     | Reached skill level 1 in Polearms
 28591 | D:14     | Reached XP level 15. HP: 114/133 MP: 23/23
 28792 | D:14     | Found a gate to the Vaults.
 29105 | D:14     | Noticed Kirke
 29120 | D:14     | Killed Kirke
 29633 | D:15     | Entered Level 15 of the Dungeon
 29829 | D:15     | Found an iron altar of Okawaru.
 29829 | D:15     | Found a burning altar of Makhleb.
 29830 | D:15     | Found an iron altar of Okawaru.
 30340 | D:15     | Reached skill level 18 in Axes
 31121 | D:15     | Found a staircase to the Depths.
 32382 | D:15     | Reached XP level 16. HP: 126/144 MP: 24/24
 32802 | Depths:1 | Entered Level 1 of the Depths
 32802 | Depths:1 | Found Arry's General Store.
 33061 | Depths:1 | Found Wakizephi's Armour Boutique.
 33063 | Depths:1 | Found Acrab's Distillery.
 33065 | Depths:1 | Found Iloiroe Puupt's Food Boutique.
 33144 | Depths:1 | Found a gateway to Hell.
 33204 | Depths:1 | Found a one-way gate to the infinite horrors of the Abyss.
 33310 | Depths:1 | Noticed a sphinx
 33326 | Depths:1 | Killed a sphinx
 33618 | Depths:1 | Reached skill level 10 in Shields
 33951 | Depths:2 | Reached skill level 1 in Throwing
 34465 | Depths:1 | Found a one-way gate leading to the halls of Pandemonium.
 35110 | Depths:2 | Reached skill level 19 in Axes
 35134 | Depths:1 | HP: 6/146 [spriggan berserker/antimagic hand axe (31)]
 35465 | Depths:2 | Found Cebusis's Weapon Shop.
 35477 | Depths:2 | Found a gateway to a ziggurat.
 35717 | Abyss:1  | Noticed a bone dragon
 35724 | Depths:2 | Escaped the Abyss
 36274 | Depths:2 | Noticed Sojobo
 36285 | Depths:2 | HP: 5/146 [vampire knight/vampiric draining (23)]
 36286 | Depths:2 | Killed from afar by a vampire knight

Skill      XL: |  1  2  3  4  5  6  7  8  9 10 11 12 13 14 15 16 |
---------------+-------------------------------------------------+-----
Invocations    | 2 3 4 5 6 7 8 10 11 12 13 | 13.9
Fighting       | 4 5 6 7 8 9 10 11 12 13 14 | 14.2
Armour         | 3 4 5 6 7 9 11 12 13 14 15 16 17 | 17.6
Axes           | 3 4 5 6 8 10 12 13 15 16 17 18 19 | 19.1
Dodging        | 2 3 4 5 |  5.8
Shields        | 2 5 7 9 10 | 10.6
Polearms       | 1 2 |  2.2
Throwing       | 1 |  1.5

Action                   |  1- 3 |  4- 6 |  7- 9 | 10-12 | 13-15 | 16-18 || total
-------------------------+-------+-------+-------+-------+-------+-------++-------
Melee: Hand axe          |    66 |   214 |   250 |       |       |       ||   530
       Headbutt          |    10 |    37 |    84 |   153 |   374 |   112 ||   770
       Broad axe         |       |       |   109 |   598 |  1186 |   298 ||  2191
       Mace              |       |       |    16 |       |       |       ||    16
       Trident           |       |       |       |       |    27 |    11 ||    38
Throw: Tomahawk          |       |       |       |     3 |    12 |     3 ||    18
Invok: Depart the Abyss  |     1 |       |       |       |       |     1 ||     2
       Banish            |       |       |       |     9 |    19 |     7 ||    35
       Enter the Abyss   |       |       |       |       |       |     1 ||     1
  Use: Scroll            |     5 |     1 |    14 |    13 |    13 |     9 ||    55
       Potion            |       |     3 |     1 |     4 |     4 |    11 ||    23
  Eat: Chunk             |     3 |     8 |     9 |    35 |    51 |     3 ||   109
       Fruit             |       |       |     2 |       |     9 |       ||    11
       Royal jelly       |       |       |     1 |     2 |     1 |     3 ||     7
Armor: Leather armour    |    19 |       |       |       |       |       ||    19
       Plate armour      |    17 |   172 |   314 |   193 |       |       ||   696
       Skin              |       |    14 |       |       |       |       ||    14
       Chain mail        |       |       |       |   418 |   724 |   195 ||  1337
Dodge: Dodged            |    52 |    84 |   162 |   388 |   399 |   143 ||  1228
Block: Shield            |       |       |       |    47 |   743 |   228 ||  1018
